 Dungeon Crawl Stone Soup version 0.29-a0-222-g5b244fca1f (webtiles) character file.

Game seed: 9672369603885149568

2863 NotAphid the Grappler (level 9, -4/81 HPs)
             Began as a Ghoul Monk on Feb 27, 2022.
             Was an Initiate of Yredelemnul.
             Slain by a shadow (8 damage)
             ... on level 7 of the Dungeon.
             The game lasted 00:13:40 (7545 turns).

NotAphid the Grappler (Ghoul Monk)                  Turns: 7545, Time: 00:13:40

Health: -4/81      AC: 18    Str: 19    XL:     9   Next: 75%
Magic:  12/12      EV:  8    Int:  5    God:    Yredelemnul [......]
Gold:   337        SH:  0    Dex: 11    Spells: 5/8 levels left

rFire   . . .      SeeInvis .     - Unarmed
rCold   + . .      Faith    .   (no shield)
rNeg    + + +      Spirit   .   f - +0 chain mail
rPois   ∞          Reflect  .   h - +2 helmet
rElec   .          Harm     .   E - +0 cloak
rCorr   .          Rampage  .   (no gloves)
Will    .....                   A - +2 pair of boots {Fly}
Stlth   ..........              (no amulet)
HPRegen 0.00/turn               (no ring)
MPRegen 0.13/turn               (no ring)

@: flying, inhibited regen
A: claws 1, cold resistance 1, negative energy resistance 3, inhibited
regeneration, torment resistance 2
a: Renounce Religion, Recall Undead Harvest


You were on level 7 of the Dungeon.
You worshipped Yredelemnul.
Yredelemnul was noncommittal.
You visited 2 branches of the dungeon, and saw 8 of its levels.

You collected 337 gold pieces.

Inventory:

Hand Weapons
 g - a +1 dagger of venom
 i - a +0 hunting sling
Missiles
 n - 2 boomerangs of dispersal (quivered)
 t - 6 javelins
 u - 4 poisoned darts
Armour
 a - a +0 robe
 c - a +0 ring mail
 d - a +0 scale mail
 f - a +0 chain mail (worn)
 h - a +2 helmet (worn)
 j - a scarf of harm
 A - a +2 pair of boots of flying (worn)
 E - a +0 cloak (worn)
Jewellery
 s - a ring of fire
 v - a +6 ring of dexterity
Scrolls
 b - 2 scrolls of amnesia
 m - a scroll of teleportation
Potions
 e - a potion of resistance
 k - a potion of invisibility
 l - a potion of ambrosia
 o - 2 potions of curing {unknown}
 p - a potion of heal wounds
 r - a potion of attraction {unknown}
 w - 3 potions of brilliance {unknown}
 z - a potion of magic {unknown}
 B - a potion of degeneration {unknown}
 D - a potion of flight {unknown}
 G - a potion of mutation {unknown}


   Skills:
 + Level 8.2 Fighting
 + Level 6.1 Armour
 - Level 2.7 Dodging
 - Level 2.2 Stealth
 + Level 8.2 Unarmed Combat
 * Level 6.0 Invocations


You had 5 spell levels left.
You knew the following spells:

 Your Spells              Type           Power      Damage    Failure   Level
a - Mephitic Cloud        Conj/Pois/Air  0%         N/A       100%        3

Your spell library contained the following spells:

 Spells                   Type           Power      Damage    Failure   Level
 Magic Dart               Conj           0%         1d3       99%         1
 Call Imp                 Summ           0%         N/A       100%        2


Dungeon Overview and Level Annotations

Branches:
Dungeon (7/15)             Temple (1/1) D:5

Altars:
Cheibriados
Gozag
Makhleb
Nemelex Xobeh
Okawaru
Qazlal
Sif Muna
Yredelemnul


Innate Abilities, Weirdness & Mutations

You thrive by killing the living.
You are immune to poison.
You have sharp fingernails.
Your flesh is cold resistant. (rC+)
You are immune to negative energy. (rN+++)
You do not regenerate when monsters are visible.
You are immune to unholy pain and torment.


Message History

The shadow strikes at you from the darkness!
Reactivating autopickup.
You closely miss the shadow. The shadow hits you.
You scratch the shadow.
The shadow is lightly damaged.
Your orc zombie hits the shadow.
You barely miss the shadow.
The shadow is lightly damaged.
The shadow slips into darkness.
The shadow flickers and vanishes!
Deactivating autopickup; reactivate with Ctrl-A.
You closely miss something.
The shadow strikes at you from the darkness!
Reactivating autopickup.
Your orc zombie hits the shadow but does no damage.
You closely miss the shadow.
The shadow is lightly damaged.
The shadow hits you.
Your orc zombie closely misses the shadow.
You scratch the shadow but do no damage.
The shadow is lightly damaged.
The shadow slips into darkness.
The shadow flickers and vanishes!
Deactivating autopickup; reactivate with Ctrl-A.
You scratch something.
The shadow strikes at you from the darkness!
* * * LOW HITPOINT WARNING * * *
Reactivating autopickup.
You scratch the shadow but do no damage.
The shadow is moderately damaged.
Your orc zombie barely misses the shadow.
You claw the shadow!
The shadow is almost destroyed.
The shadow slips into darkness.
The shadow flickers and vanishes!
Deactivating autopickup; reactivate with Ctrl-A.
You scratch something but do no damage.
The shadow strikes at you from the darkness!
You die...
Yredelemnul claims you as an undead slave.

#....###. #........
##........ #...........
#.......##?.
#...........
##...#........
#..{.#.....#..
#..@Z#........#
###..................
#....................
#....................#
#.....##................
#..... #.#..........<...
##..## ###....###.......
### ##...##.....##.
##.........#..


You could see a friendly orc zombie.

Vanquished Creatures
  Pikel (D:5)
  Grinder (D:4)
  Prince Ribbit (D:6)
  Menkaure (D:6)
  Edmund (D:5)
  An acid dragon (D:7)
  A water moccasin (D:6)
  An ice beast (D:5)
  A sky beast (D:6)
  2 black bears
  A lemure (D:4)
  2 phantoms (D:5)
  Blork the orc (D:5)
  A bullfrog (D:7)
  4 scorpions
  A howler monkey (D:5)
  5 hounds
  4 orc priests
  Crazy Yiuf (D:6)
  4 iguanas
  3 orc wizards
  4 gnolls (D:5)
  8 adders
  A white imp (D:6)
  A worm (D:2)
  A dart slug (D:4)
  16 orcs
  2 ball pythons (D:4)
  4 bats
  5 endoplasms
  4 giant cockroaches
  5 goblins
  3 hobgoblins
  6 kobolds
  2 quokkas (D:4)
  A frilled lizard (D:2)
  6 rats
107 creatures vanquished.

Notes
Turn   | Place    | Note
-------+----------+-------------------------------------------
     0 | D:1      | NotAphid the Ghoul Monk began the quest for the Orb.
     0 | D:1      | Reached XP level 1. HP: 19/19 MP: 0/0
   267 | D:1      | You fall into a shaft and drop 1 floor!
   281 | D:2      | Reached XP level 2. HP: 9/27 MP: 1/1
   869 | D:2      | Reached skill level 1 in Armour
   869 | D:2      | Reached XP level 3. HP: 13/33 MP: 2/2
  2027 | D:3      | Reached XP level 4. HP: 40/40 MP: 3/3
  2165 | D:3      | Reached XP level 5. HP: 41/47 MP: 4/4
  2704 | D:3      | Found an iron altar of Okawaru.
  3013 | D:4      | Reached XP level 6. HP: 48/55 MP: 5/5
  3019 | D:4      | Reached skill level 5 in Fighting
  3176 | D:4      | Reached skill level 5 in Unarmed Combat
  3378 | D:4      | Noticed Grinder
  3378 | D:4      | Paralysed by Grinder for 6 turns
  3390 | D:4      | Paralysed by Grinder for 2 turns
  3401 | D:4      | Killed Grinder
  3402 | D:4      | Reached XP level 7. HP: 51/62 MP: 6/6
  3633 | D:5      | Entered Level 5 of the Dungeon
  3854 | D:5      | Found a stormy altar of Qazlal.
  3859 | D:5      | Learned a level 3 spell: Mephitic Cloud
  3880 | D:5      | Noticed Blork the orc
  3884 | D:5      | Found a staircase to the Ecumenical Temple.
  3888 | D:5      | Killed Blork the orc
  3889 | D:5      | Reached XP level 8. HP: 27/71 MP: 7/7
  3930 | D:5      | HP: 3/71 [iguana (7)]
  4386 | D:5      | Found a shimmering blue altar of Sif Muna.
  4398 | D:5      | Found a snail-covered altar of Cheibriados.
  4499 | Temple   | Entered the Ecumenical Temple
  4606 | Temple   | Became a worshipper of Yredelemnul the Dark
  4606 | Temple   | Reached * piety under Yredelemnul
  4606 | Temple   | Reached ** piety under Yredelemnul
  4773 | D:5      | Noticed Pikel
  4825 | D:5      | Reached skill level 1 in Invocations
  5247 | D:5      | Killed Pikel
  5248 | D:5      | Reached skill level 5 in Armour
  5248 | D:5      | Reached XP level 9. HP: 57/79 MP: 7/10
  5358 | D:5      | Noticed Edmund
  5381 | D:5      | Killed Edmund
  6072 | D:6      | Identified a scroll of acquirement
  6072 | D:6      | Acquired a +1 pair of boots of flying
  6330 | D:6      | Found a runed translucent door.
  6331 | D:6      | Noticed Crazy Yiuf
  6349 | D:6      | Noticed Menkaure
  6358 | D:6      | Killed Menkaure
  6379 | D:6      | Killed Crazy Yiuf
  6665 | D:6      | Noticed Prince Ribbit
  6690 | D:6      | Killed Prince Ribbit
  6691 | D:6      | Reached skill level 5 in Invocations
  7542 | D:7      | HP: 4/81 [something (21)]
  7545 | D:7      | Slain by a shadow

Illustrated notes

Levels and vault maps discovered:
D:1:      eino_arrival_water_star, layout_basic, grunt_decor_arrowhead,
          item_on_display_a
D:2:      layout_basic
D:3:      layout_rooms, mainiacjoe_overflow_concentric_impassable, serial_glass,
          glass_columns_a, glass_columns_a, glass_columns_a, glass_columns_a,
          glass_columns_c, glass_columns_b, glass_columns_a, glass_columns_b,
          minivault_24, kennysheep_generic_room_14
D:4:      layout_cave_pools, uniq_grinder
D:5:      layout_gridville, mainiacjoe_overflow_brackets,
          mainiacjoe_overflow_catch_the_wave, minmay_temple_entry_statues,
          uniq_blork_the_orc, uniq_edmund, uniq_pikel
D:6:      layout_basic, uniq_crazy_yiuf_cottage, uniq_prince_ribbit1,
          uniq_menkaure
D:7:      layout_cave_pools, enter_bailey_8
Temple:   oiseaux_autumnal_temple

Skill      XL: |  1  2  3  4  5  6  7  8  9 |
---------------+----------------------------+-----
Armour         | 1 2 3 4 5 6 |  6.1
Fighting       | 4 5 6 7 8 |  8.2
Unarmed Combat | 4 5 6 7 8 |  8.2
Invocations    | 3 6 |  6.0
Dodging        | |  2.7
Stealth        | |  2.2

Action                   |  1- 3 |  4- 6 |  7- 9 || total
-------------------------+-------+-------+-------++-------
Melee: Unarmed           |    60 |    32 |   289 ||   381
       Dagger            |    47 |   119 |       ||   166
       Punch             |     2 |     3 |    10 ||    15
Throw: Boomerang         |       |     1 |     1 ||     2
  Use: Potion            |       |     2 |     1 ||     3
       Scroll            |       |       |    11 ||    11
 Stab: Sleeping          |     1 |       |       ||     1
Armor: Chain mail        |    71 |   127 |   191 ||   389
       Scale mail        |     3 |       |       ||     3
Dodge: Dodged            |    52 |    56 |    93 ||   201

Table legend: (Time is in decaauts)
 A = Elapsed time spent in this place.
 B = Non-inter-level travel time spent in this place.
 C = Inter-level travel time spent in this place.
 D = Time resting spent in this place.
 E = Time spent auto-exploring this place.
 F = Levels seen in this place.
 G = Mean time per level.
                   A        B        C        D        E       F      G
               +--------+--------+--------+--------+--------+-----+--------+
         Total |   7497 |   7400 |     97 |    233 |   5361 |   8 |  937.1 |
       Dungeon |   7363 |   7266 |     97 |    233 |   5271 |   7 | 1051.9 |
        Temple |    133 |    133 |      0 |      0 |     90 |   1 |  133.0 |
               +--------+--------+--------+--------+--------+-----+--------+

Top non-repeatable levels by time:
     D:5: 1956 daAuts
     D:6: 1473 daAuts
     D:2: 1263 daAuts
     D:3: 1002 daAuts
     D:4: 880 daAuts
     D:1: 722 daAuts
  Temple: 133 daAuts
     D:7: 64 daAuts
